Map: Moondance

Players

SpeCial - Winner!

  • Race: Terran Terran
  • Spawn Location: 12:00

ShoWTimE

  • Race: Protoss Protoss
  • Spawn Location: 6:00

Event: DreamHack SC2 Masters 2022 Atlanta (Offline)

VOD

Have the link to the VOD?

Description

Time

  • Played on: Nov. 18, 2022, 5:25 p.m.
  • Length: 23:50

All games in this series

Show
View Real Time Build Order
Export as new Build Order

SpeCial Terran - Winner!

Build Orders:  

Get SALT Encoding   

  12  0:00  SCV  
  13  0:12  SCV  
  14  0:17  Supply Depot  
  14  0:24  SCV  
  15  0:38  SCV  
  15  0:39  Barracks  
  16  0:44  Refinery  
  16  0:50  SCV  
  16  0:54  Refinery  
  17  1:02  SCV  
  18  1:14  SCV  
  19  1:25  Reaper  
  19  1:26  Orbital Command  
  20  1:43  Factory  
  20  1:46  Supply Depot  
  20  1:53  SCV  
  21  1:57  Reaper  
  22  2:05  SCV  
  23  2:19  SCV  
  24  2:26  Command Center  
  24  2:27  Hellion  
  26  2:34  SCV  
  27  2:37  Starport  
  27  2:46  Supply Depot, SCV  
  27  2:49  Widow Mine  
  30  2:58  SCV  
  31  3:10  SCV  
  31  3:11  Widow Mine  
  31  3:12  Barracks Reactor  
  34  3:22  SCV  
  34  3:23  Medivac  
  35  3:32  Armory  
  35  3:34  SCV, Widow Mine  
  35  3:39  Orbital Command  
  38  3:46  SCV  
  38  3:48  Marine  
  40  3:49  Marine  
  41  3:56  Medivac  
  41  4:01  Widow Mine  
  41  4:02  SCV  
  46  4:06  Marine  
  46  4:07  SCV, Marine  
  49  4:12  Supply Depot  
  49  4:14  SCV  
  50  4:19  SCV  
  50  4:23  Marine  
  50  4:25  Factory Tech Lab, Marine  
  50  4:26  SCV  
  48  4:31  SCV  
  48  4:32  Starport Tech Lab  
  48  4:34  Bunker  
  49  4:38  SCV  
  49  4:41  Marine  
  49  4:42  Marine  
  49  4:43  SCV  
  53  4:46  Cyclone  
  53  4:50  Barracks, SCV  
  55  4:55  SCV  
  55  4:59  Marine  
  57  5:00  Raven, Marine  
  57  5:06  SCV  
  61  5:07  SCV  
  61  5:11  Refinery  
  61  5:13  Engineering Bay, Supply Depot  
  62  5:15  Refinery  
  62  5:20  Barracks  
  62  5:21  Marine x2  
  62  5:24  SCV x2  
  62  5:25  Supply Depot  
  62  5:35  Siege Tank  
  65  5:39  Marine x2  
  65  5:40  SCV x2  
  67  5:43  Terran Infantry Weapons Level 1  
  67  5:45  Missile Turret  
  67  5:52  SCV  
  67  5:53  Starport Reactor  
  67  5:54  Marauder  
  70  5:57  Marine  
  70  5:58  SCV  
  70  6:01  Stimpack  
  71  6:04  SCV  
  71  6:10  Missile Turret, Siege Tank  
  75  6:11  Marine  
  75  6:14  Barracks Tech Lab  
  75  6:15  Marine  
  75  6:17  SCV  
  75  6:18  Supply Depot  
  78  6:21  SCV  
  78  6:34  Supply Depot  
  78  6:39  Command Center, Medivac x2, Marine x2  
  84  6:40  Supply Depot  
  86  6:47  Marauder  
  86  6:54  Supply Depot  
  86  6:56  SCV x2, Combat Shield, Siege Tank, Marauder  
  86  6:57  Marine  
  94  7:01  Supply Depot  
  94  7:02  Marine  
  97  7:08  Marauder  
  97  7:14  SCV x2, Marine  
  100  7:18  Marauder  
  100  7:19  Barracks, Marine  
  100  7:21  Barracks  
  103  7:26  SCV x2  
  103  7:28  Siege Tank  
  110  7:30  Marauder  
  110  7:32  Marine  
  111  7:37  Marine  
  112  7:47  SCV x2  
  112  7:49  Viking  
  112  7:50  Viking  
  112  7:51  Marine  
  119  7:55  Marine  
  120  8:00  Siege Tank  
  120  8:01  SCV  
  120  8:02  SCV  
  120  8:03  Marauder x2  
  129  8:08  Marine  
  120  8:13  Marine  
  111  8:23  Viking  
  91  8:30  Marauder, Marine  
  91  8:32  Siege Tank  
  91  8:33  SCV  
  91  8:34  SCV  
  92  8:38  Marine  
  92  8:39  Medivac  
  95  8:43  Barracks Tech Lab  
  95  8:44  Barracks Reactor  
  95  8:45  Orbital Command  
  95  8:47  Refinery  
  95  8:48  Marine  
  95  8:49  Marauder  
  95  8:52  Terran Infantry Weapons Level 2, Marauder  
  95  8:53  Medivac  
  101  8:55  Marine  
  101  8:59  SCV x2  
  101  9:00  Command Center  
  104  9:05  Marauder  
  104  9:06  Marine  
  107  9:10  Marauder  
  107  9:11  SCV x2  
  107  9:13  Marine, Factory Reactor  
  107  9:16  SCV  
  107  9:17  Supply Depot  
  113  9:20  Marauder, Marine x2  
  113  9:23  SCV x2, Marine  
  120  9:26  Marauder  
  120  9:30  SCV  
  123  9:31  Marine  
  123  9:35  SCV, Terran Ship Weapons Level 1  
  123  9:36  Engineering Bay, Marauder  
  127  9:38  SCV  
  127  9:41  Marine  
  127  9:42  SCV  
  130  9:45  Medivac  
  130  9:46  Medivac  
  130  9:49  Marine  
  135  9:59  Marine x2  
  137  10:00  Marine  
  137  10:01  Marauder  
  137  10:02  Supply Depot  
  137  10:03  Ghost Academy  
  137  10:06  Marauder  
  137  10:07  SCV x2, Widow Mine x2, Marine  
  144  10:13  Planetary Fortress  
  149  10:16  Missile Turret  
  149  10:17  Marine  
  149  10:18  SCV  
  149  10:19  SCV x2  
  153  10:32  Widow Mine x2  
  153  10:33  Missile Turret  
  153  10:34  Ghost x3  
  163  10:41  Marine x4  
  163  10:42  Concussive Shells  
  160  10:44  Terran Infantry Armor Level 1  
  160  10:46  SCV x3  
  160  10:47  Refinery x2  
  160  10:53  Widow Mine  
  162  10:59  Marine x4  
  162  11:02  Barracks  
  162  11:03  Supply Depot  
  166  11:05  Barracks  
  166  11:06  Barracks  
  166  11:09  Marine x2  
  166  11:10  Marauder  
  169  11:14  Viking  
  169  11:17  Marine  
  172  11:25  Viking, Marine, SCV x2  
  177  11:27  Marauder  
  177  11:29  Terran Vehicle Weapons Level 1  
  177  11:30  Marauder  
  179  11:34  Enhanced Shockwaves  
  179  11:36  Fusion Core  
  179  11:45  Marine x4  
  179  11:46  Marauder  
  174  11:49  Marauder  
  174  11:50  SCV x2  
  174  11:51  Marauder  
  174  11:53  Sensor Tower  
  174  11:54  Missile Turret  
  178  11:57  Viking  
  178  12:01  Terran Infantry Weapons Level 3, Viking  
  179  12:02  Supply Depot x2  
  177  12:12  Supply Depot  
  166  12:19  Marauder, Marine x4  
  166  12:20  Barracks Reactor  
  166  12:21  Marauder, Marine  
  167  12:27  Viking  
  169  12:31  Viking  
  169  12:35  Missile Turret  
  169  12:36  Supply Depot, Advanced Ballistics  
  171  12:37  Marine x2  
  171  12:38  Marine x2  
  171  12:42  Barracks Tech Lab, Marauder x3  
  181  12:57  Viking, Marauder, Marine, Command Center  
  186  13:01  Viking  
  188  13:12  Marauder, Marine  
  162  13:22  Marauder, Marine  
  162  13:25  Widow Mine x2  
  162  13:26  Marine x2  
  166  13:27  Medivac, Marauder  
  166  13:31  Medivac  
  158  13:39  Terran Infantry Armor Level 2  
  158  13:41  Marauder, Marine  
  155  13:42  Starport  
  153  13:49  Marauder, Marine  
  158  13:56  Liberator, Marine  
  158  13:57  Marauder  
  158  14:00  Liberator  
  158  14:01  Marauder, Marine x5  
  164  14:05  Marauder  
  164  14:07  Marine  
  163  14:13  Command Center  
  163  14:15  Command Center  
  163  14:16  Marauder, Marine  
  166  14:17  Terran Ship Weapons Level 2, Marine  
  166  14:19  Marine  
  166  14:20  Marauder  
  168  14:24  Marine x2  
  168  14:25  Marauder  
  168  14:28  Marauder, Marine x2  
  176  14:33  Marine  
  176  14:36  Marauder  
  176  14:37  Marine, Ghost  
  179  14:39  Medivac  
  179  14:40  Ghost  
  179  14:41  Planetary Fortress  
  179  14:42  Marine  
  179  14:43  Medivac  
  186  14:48  Liberator x2  
  186  14:52  Ghost  
  192  14:53  Marine x2  
  192  14:54  Marine  
  192  14:55  Marine  
  189  15:09  Medivac, Marine x2  
  189  15:10  Marauder, Marine  
  189  15:11  Marauder  
  189  15:12  Marauder, Marine  
  189  15:13  Medivac  
  187  15:23  Widow Mine  
  187  15:26  Refinery  
  187  15:27  Refinery, Orbital Command x2  
  187  15:28  Missile Turret  
  189  15:31  Liberator x2  
  195  15:37  Ghost  
  195  15:39  Liberator  
  200  15:43  Missile Turret  
  200  15:44  Missile Turret  
  200  15:46  Marine  
  200  15:47  Marauder  
  192  15:52  Marauder, Marine  
  192  15:54  Liberator  
  188  15:58  Marauder  
  188  16:00  Marauder, Marine  
  177  16:05  Marine  
  177  16:06  Marauder  
  167  16:14  Liberator x2  
  170  16:21  Marine x3  
  170  16:22  Marauder  
  171  16:26  Ghost  
  171  16:27  Marine  
  174  16:36  Marine  
  174  16:37  Marauder  
  174  16:39  Marauder, Marine  
  180  16:51  Marine  
  180  16:52  Marauder, Marine  
  180  16:53  Marauder, Marine  
  172  16:55  Marine, Orbital Command  
  165  17:05  Marine  
  165  17:06  Marauder, Marine  
  165  17:07  Marauder  
  168  17:09  Marine  
  168  17:15  Marauder  
  171  17:22  Marauder  
  159  17:23  Marine  
  99  18:04  Orbital Command  
  92  18:06  Marine  
  72  19:19  Orbital Command  
  54  21:22  Marauder x2  
  58  21:26  Marine  
  56  21:41  Marauder  
  58  22:07  Marauder  
  57  22:39  Orbital Command  
  57  22:54  SCV  
  58  23:07  SCV  
  59  23:19  SCV  
  60  23:28  Marauder  
Show
View Real Time Build Order
Export as new Build Order

ShoWTimE Protoss 

Build Orders: 1 Gate Expand, Oracle Opening, Phoenix Opening 

Get SALT Encoding   

  12  0:00  Probe  
  13  0:12  Probe  
  14  0:16  Pylon  
  14  0:24  Probe  
  15  0:34  Gateway  
  15  0:36  Probe (Chrono Boost)  
  16  0:45  Probe (Chrono Boost)  
  16  0:46  Assimilator  
  17  0:50  Probe (Chrono Boost)  
  18  1:03  Probe  
  19  1:15  Probe  
  20  1:21  Cybernetics Core  
  20  1:33  Nexus  
  20  1:40  Pylon  
  20  1:42  Probe  
  21  1:48  Assimilator  
  21  1:55  Probe  
  21  1:57  Stalker (Chrono Boost)  
  24  2:07  Probe  
  25  2:18  Stalker (Chrono Boost)  
  25  2:19  Probe  
  27  2:31  Probe  
  27  2:34  Stargate  
  29  2:46  Probe x2 (Chrono Boost)  
  30  2:55  Warp Gate  
  30  2:57  Probe (Chrono Boost), Stalker  
  33  2:59  Probe (Chrono Boost)  
  33  3:01  Probe (Chrono Boost)  
  34  3:07  Probe  
  34  3:12  Probe  
  36  3:19  Probe  
  35  3:22  Oracle (Chrono Boost)  
  35  3:24  Probe  
  39  3:31  Probe  
  39  3:36  Probe  
  40  3:42  Pylon  
  40  3:43  Probe  
  41  3:48  Probe  
  41  3:50  Phoenix (Chrono Boost)  
  44  3:56  Probe  
  44  4:00  Probe  
  44  4:01  Gateway  
  46  4:08  Probe  
  47  4:11  Pylon  
  47  4:12  Phoenix  
  47  4:13  Probe  
  50  4:20  Probe  
  51  4:25  Probe  
  51  4:28  Pylon  
  52  4:32  Probe  
  52  4:36  Robotics Facility  
  52  4:37  Probe  
  54  4:41  Assimilator  
  54  4:44  Probe, Assimilator  
  55  4:49  Probe  
  56  4:54  Phoenix (Chrono Boost)  
  56  4:56  Probe, Pylon  
  59  5:01  Probe  
  58  5:08  Probe  
  58  5:13  Probe  
  60  5:16  Phoenix (Chrono Boost)  
  60  5:20  Probe  
  63  5:23  Observer  
  63  5:26  Probe  
  63  5:27  Pylon  
  65  5:32  Probe  
  65  5:33  Nexus  
  66  5:37  Robotics Bay  
  65  5:45  Probe x2  
  67  5:50  Twilight Council  
  67  5:57  Immortal (Chrono Boost), Probe  
  67  6:02  Probe  
  73  6:07  Pylon  
  73  6:09  Sentry, Probe  
  76  6:14  Probe  
  76  6:17  Gateway  
  77  6:19  Pylon  
  77  6:21  Probe  
  77  6:25  Colossus (Chrono Boost)  
  78  6:26  Probe  
  78  6:30  Shield Battery  
  79  6:33  Probe  
  79  6:36  Sentry  
  79  6:39  Charge (Chrono Boost), Probe  
  89  6:45  Probe  
  89  6:47  Probe  
  91  6:51  Gateway, Probe  
  92  6:55  Gateway  
  92  6:58  Zealot  
  92  7:00  Zealot  
  96  7:03  Probe  
  96  7:05  Colossus (Chrono Boost), Probe x2, Pylon  
  96  7:08  Extended Thermal Lance  
  99  7:14  Shield Battery  
  99  7:22  Zealot x2  
  109  7:25  Pylon  
  109  7:27  Shield Battery  
  109  7:29  Sentry  
  111  7:37  Probe x3  
  111  7:38  Assimilator  
  111  7:42  Assimilator  
  111  7:43  Phoenix  
  116  7:48  Zealot x3  
  121  7:51  Forge  
  121  7:54  Zealot  
  121  7:55  Forge  
  121  7:58  Zealot  
  125  8:01  Colossus (Chrono Boost)  
  131  8:12  Zealot x3  
  104  8:25  Zealot x2  
  90  8:33  Zealot  
  90  8:34  Zealot x2  
  94  8:37  Probe x2  
  94  8:38  Protoss Ground Armor Level 1 (Chrono Boost)  
  94  8:39  Phoenix  
  96  8:42  Probe  
  96  8:44  Assimilator  
  96  8:46  Protoss Ground Weapons Level 1 (Chrono Boost), Colossus (Chrono Boost)  
  103  8:49  Gateway  
  103  8:54  Zealot x2, Sentry  
  109  8:56  Probe  
  109  8:58  Probe, Pylon  
  109  8:59  Probe  
  112  9:08  Probe  
  110  9:11  Stalker x2  
  114  9:17  Templar Archives, Pylon  
  114  9:20  Photon Cannon  
  114  9:26  Gateway x2  
  114  9:29  Zealot  
  116  9:32  Zealot  
  116  9:35  Zealot, Sentry  
  122  9:41  Pylon  
  122  9:44  Stalker x2  
  126  9:46  Disruptor  
  126  9:52  Zealot x2  
  129  10:05  Nexus  
  129  10:09  Zealot x2  
  129  10:14  Robotics Facility  
  132  10:20  Zealot x2  
  136  10:25  Warp Prism  
  138  10:29  High Templar  
  138  10:31  Protoss Ground Armor Level 2 (Chrono Boost)  
  138  10:35  Protoss Ground Weapons Level 2 (Chrono Boost)  
  136  10:42  Pylon  
  136  10:43  Probe  
  136  10:44  Probe x2  
  136  10:48  High Templar  
  141  10:50  Pylon  
  141  10:52  Archon, Pylon  
  141  10:57  Photon Cannon  
  141  11:00  Probe  
  141  11:01  Disruptor  
  145  11:06  High Templar x2  
  145  11:08  Blink  
  145  11:11  Archon  
  149  11:17  Stalker x4  
  157  11:22  Zealot x2  
  159  11:28  Probe  
  159  11:29  Probe  
  159  11:30  Photon Cannon  
  161  11:37  Probe  
  158  11:43  Photon Cannon  
  158  11:44  Disruptor (Chrono Boost)  
  161  11:50  Probe  
  161  11:53  Zealot x3, Assimilator  
  161  11:54  Dark Shrine  
  168  11:57  Disruptor (Chrono Boost)  
  171  12:06  Pylon  
  171  12:07  Stalker x2  
  175  12:12  Observer (Chrono Boost)  
  169  12:22  Disruptor (Chrono Boost)  
  170  12:33  Disruptor (Chrono Boost), Nexus  
  173  12:37  Pylon  
  173  12:39  Pylon  
  173  12:41  Zealot x5  
  173  12:42  Zealot x2  
  187  12:44  Pylon  
  187  12:45  Pylon  
  187  12:54  Disruptor  
  187  12:55  Zealot  
  192  13:01  Protoss Ground Armor Level 3 (Chrono Boost)  
  190  13:09  Stalker x4  
  190  13:10  Stalker  
  182  13:13  Zealot x2  
  182  13:18  Zealot  
  154  13:28  Disruptor  
  154  13:33  Protoss Ground Weapons Level 3 (Chrono Boost)  
  149  13:38  Zealot x5  
  157  13:47  Gateway x2  
  157  13:49  Gateway  
  157  13:58  Zealot x4  
  157  13:59  Shadow Stride  
  157  14:00  Zealot  
  163  14:03  Probe x4  
  163  14:05  Gravitic Drive (Chrono Boost)  
  165  14:10  Probe  
  165  14:15  Probe x4  
  170  14:18  Disruptor (Chrono Boost)  
  173  14:24  Probe  
  173  14:27  Photon Cannon, Probe  
  173  14:29  Shield Battery  
  169  14:38  Warp Prism (Chrono Boost)  
  169  14:40  Stalker x5  
  177  14:47  Robotics Facility  
  177  14:51  Disruptor (Chrono Boost)  
  180  14:54  Assimilator  
  180  14:57  Assimilator  
  168  15:13  Stalker x3  
  174  15:15  Probe  
  174  15:20  Dark Templar x4  
  181  15:23  Probe x2  
  179  15:32  Dark Templar  
  179  15:33  Nexus  
  179  15:35  Pylon  
  181  15:41  Dark Templar x2  
  175  15:51  Disruptor  
  175  15:56  Stalker x2  
  162  16:11  Zealot x4  
  140  16:15  Probe  
  131  16:26  Stalker x4  
  131  16:29  Probe  
  131  16:30  Probe  
  131  16:31  Probe x2  
  141  16:33  Nexus  
  135  16:44  Probe x2  
  128  16:54  Dark Templar  
  128  17:00  Stalker x7  
  122  17:26  Dark Templar x4  
  99  18:12  Gateway  
  99  18:15  Gateway  
  99  18:17  Gateway  
  99  18:19  Cybernetics Core  
  99  18:25  Pylon  
  93  18:46  Pylon  
  93  18:54  Nexus  
  93  18:56  Pylon  
  89  19:13  Gateway  
  89  19:15  Gateway  
  89  19:17  Gateway  
  89  19:42  Pylon  
  89  19:44  Pylon  
  87  20:10  Zealot x3  
  91  20:15  Cybernetics Core  
  82  20:35  Zealot x2  
  64  21:36  Nexus  
  59  21:40  Pylon  
  43  22:45  Nexus  
Tags
 
Add a new tag
Caveats
  • Supply blocks, unpowered buildings, or Contaminate may cause inaccurate times.
  • Supply counts are checked every 10 seconds.